 Dungeon Crawl Stone Soup version 0.19-a0-683-g5f2401d (webtiles) character file.

94 Leszczynek the Cudgeler (level 4, 45/45 HPs)
             Began as an Ogre Summoner on June 17, 2016.
             Was a Follower of Vehumet.
             Quit the game on level 2 of the Dungeon.
             The game lasted 00:09:59 (3329 turns).

Leszczynek the Cudgeler (Ogre Summoner)             Turns: 3329, Time: 00:10:00

Health: 45/45      AC:  3    Str: 14    XL:     4   Next: 63%
Magic:  7/7        EV: 10    Int: 14    God:    Vehumet [*.....]
Gold:   85         SH:  0    Dex: 10    Spells: 2 memorised, 4 levels left

rFire  . . .     SeeInvis .     s - -3 short sword (curse)
rCold  . . .     Gourm    .     a - +0 robe
rNeg   + . .     Faith    .     (no shield)
rPois  .         Spirit   .     (helmet restricted)
rElec  .         Dismiss  .     (no cloak)
rCorr  .         Reflect  .     (gloves unavailable)
SustAt .         Harm     .     (boots unavailable)
MR     .....                    (no amulet)
Stlth  +.........               (no ring)
                                k - ring of positive energy

@: not resistant to hostile enchantments, very unstealthy
A: unfitting armour, tough skin 1
a: Renounce Religion


You were on level 2 of the Dungeon.
You worshipped Vehumet.
Vehumet was aware of your devotion.
You were not hungry.

You visited 1 branch of the dungeon, and saw 3 of its levels.

You collected 85 gold pieces.

Inventory:

Hand Weapons
 d - a +0 spear
 j - a +0 club
 q - a +2 short sword of venom
 s - a cursed -3 short sword (weapon)
 x - a +0 trident
Missiles
 f - 8 tomahawks (quivered)
Armour
 a - a +0 robe (worn)
Jewellery
 g - an uncursed amulet of guardian spirit
 k - a ring of positive energy (left hand)
Scrolls
 e - a scroll of identify
 h - a scroll of noise
 i - 2 scrolls of fog
Potions
 m - a potion of beneficial mutation
 p - 2 potions of ambrosia
 r - a potion of brilliance
 v - a potion of curing
Books
 b - a book of Callings

   Spells                             Type                      Level
   a - Summon Small Mammal            Summoning                    1
   b - Call Imp                       Summoning                    2
   c - Call Canine Familiar           Summoning                    3
   d - Summon Guardian Golem          Hexes/Summoning              3
   e - Summon Lightning Spire         Summoning/Air                4
   f - Summon Ice Beast               Ice/Summoning                4
Comestibles
 n - 2 meat rations


   Skills:
 - Level 3.0 Fighting
 + Level 3.9 Maces & Flails
 - Level 1.7 Dodging
 - Level 2.0 Stealth
 - Level 2.4 Spellcasting
 - Level 2.9 Summonings


You had 4 spell levels left.
You knew the following spells:

 Your Spells              Type           Power        Failure   Level  Hunger
a - Summon Small Mammal   Summ           ##..         10%         1    #......
b - Call Imp              Summ           ##......     12%         2    ###....


Dungeon Overview and Level Annotations

Branches:
Dungeon (3/15)

Altars:
Ashenzari
Kikubaaqudgha
Qazlal
Vehumet


Innate Abilities, Weirdness & Mutations

You are too large for most types of armour.
You have tough skin. (AC +1)


Message History

Mmm - a full handful of huckleberries!
Eat which item? (? for menu, Esc to quit)
That guava was delicious!
There is a stone staircase leading down here.
You start resting.
HP restored.
You climb downwards.
There is a stone staircase leading up here.
Unknown command.
There is a faded altar of an unknown god here.
This altar will convert you to a god.
You cannot discern which.
Do you pray?
Okay, then.
Unknown command.
This altar will convert you to a god.
You cannot discern which.
Do you pray? Vehumet accepts your prayer! Vehumet welcomes you!
You can now gain magical power from killing.
Vehumet offers you knowledge of Magic Dart.
Okay, then.
Are you sure you want to abandon this character and quit the game? (Confirm with "yes".)

#...########..###.#.....####
#.#.....#####.....#.#######.
##.#.........................
##....###....###.........#####
#...### ####......####.#.# #####
##...### ##.#.## ##..#####..#..#
####..##....###.##
###..@.....#### #..###
##....###..## ##....
###########..######...#### #####
....##.......###....#....# #
....##>......#..(#######.#######
....##...<.....#......##.......#
...>##........##......########.##
....#.(........#......########(.#
.............#...............(...


There were no monsters in sight!

Vanquished Creatures
  Natasha (D:2)
  2 adders (D:2)
  A dart slug (D:2)
  A giant gecko (D:1)
  A giant cockroach (D:1)
  3 goblins
  3 hobgoblins
  A ball python (D:2)
  3 bats
  4 giant newts
  3 kobolds
  7 rats
30 creatures vanquished.

Vanquished Creatures (collateral kills)
  3 adders
  3 worms
  A dart slug (D:1)
  A bat (D:2)
  2 hobgoblins
  4 kobolds
  A goblin (D:1)
  2 rats (D:2)
17 creatures vanquished.

Vanquished Creatures (others)
  A rat (D:1)
1 creature vanquished.

Grand Total: 48 creatures vanquished

Notes
Turn   | Place    | Note
--------------------------------------------------------------
     0 | D:1      | Leszczynek the Ogre Summoner began the quest for the Orb.
     0 | D:1      | Reached XP level 1. HP: 16/16 MP: 3/3
   238 | D:1      | Reached skill level 1 in Fighting
   616 | D:1      | Reached XP level 2. HP: 23/27 MP: 0/5
   690 | D:1      | Learned a level 2 spell: Call Imp
   729 | D:1      | Reached skill level 2 in Stealth
   769 | D:1      | Reached skill level 2 in Fighting
  1253 | D:1      | Reached skill level 1 in Maces & Flails
  1577 | D:2      | Noticed Natasha
  1611 | D:2      | Found a faded altar of an unknown god.
  1622 | D:2      | Reached XP level 3. HP: 24/35 MP: 6/6
  1844 | D:2      | Reached skill level 2 in Maces & Flails
  1983 | D:2      | Found a shattered altar of Ashenzari.
  1983 | D:2      | Found an ancient bone altar of Kikubaaqudgha.
  2208 | D:2      | Found a stormy altar of Qazlal.
  2623 | D:2      | Reached XP level 4. HP: 44/44 MP: 7/7
  2652 | D:2      | Killed Natasha
  2652 | D:2      | Reached skill level 3 in Fighting
  2652 | D:2      | Reached skill level 3 in Maces & Flails
  3079 | D:2      | Noticed an ogre
  3313 | D:2      | Became a worshipper of Vehumet
  3313 | D:2      | Reached * piety under Vehumet
  3313 | D:2      | Offered knowledge of Magic Dart by Vehumet.
  3329 | D:2      | Quit the game

Vault maps used:
D:1:      minmay_arrival_four_circles, hex_medium, lemuel_old_faithful
D:2:      lemuel_coloured_pillars_altar, gammafunk_temple_overflow_elements,
          ecumenical_altar_2, uniq_natasha
D:3:      elyvilon_altar_1, first_bread, minmay_misc_feat_more_columns,
          uniq_terence

Skill      XL: |  1  2  3  4 |
---------------+-------------+-----
Fighting       | 1 2 3 |  3.0
Stealth        | 2 |  2.0
Maces & Flails | 1 2 3 |  3.9
Dodging        | |  1.7
Spellcasting   | |  2.4
Summonings     | |  2.9

Action                   |  1- 3 |  4- 6 || total
-------------------------+-------+-------++-------
Melee: Spear             |    95 |       ||    95
       Trident           |    11 |       ||    11
       Short sword       |     6 |    29 ||    35
 Cast: Summon Small Mamm |    13 |       ||    13
       Call Imp          |    14 |    10 ||    24
  Use: Scroll            |       |    11 ||    11
 Stab: Distracted        |     1 |       ||     1
       Sleeping          |       |     1 ||     1
  Eat: Bread ration      |     1 |       ||     1
       Chunk             |     2 |     1 ||     3
       Fruit             |       |     5 ||     5
Armor: Robe              |    28 |     4 ||    32
Dodge: Dodged            |    64 |    18 ||    82
